A
ERIE ROADRUNNERS @ VANCOUVER MOUNTIES
08/02/2059
 
TOP OF THE 1ST
Erie Roadrunners batting - Pitching for Vancouver Mounties : RHP Jackson Mendoza
Pitching: RHP Jackson Mendoza
Batting: RHB Jay Brunet 0-0: Foul Ball, location: 2F
0-1: Ground out 6-3 (Groundball, 6, EV 88.1 MPH)
Batting: LHB Blake Coursey 0-0: Ball
1-0: Ground out 5-3 (Groundball, 56S, EV 88.8 MPH)
Batting: RHB Chandler Penrod 0-0: Ball
1-0: Foul Ball, location: 2F
1-1: Ball
2-1: Foul Ball, location: 2F
2-2: Ball
3-2: Fly out, F8 (Flyball, 8LM, EV 90.0 MPH)
Top of the 1st over - 0 runs, 0 hits, 0 errors, 0 left on base; Erie 0 - Vancouver 0
BOTTOM OF THE 1ST
Vancouver Mounties batting - Pitching for Erie Roadrunners : RHP Steven Peralta
Pitching: RHP Steven Peralta
Batting: RHB Julius Simpson 0-0: Ball
1-0: Ball
2-0: Swinging Strike
2-1: Ball
3-1: Foul Ball, location: 2F
3-2: Foul Ball, location: 2F
3-2: Base on Balls
Batting: LHB Otis Tenorio 0-0: Ball
1-0: Foul Ball, location: 2F
1-1: Called Strike
1-2: SINGLE (Line Drive, 89S, EV 99.4 MPH)
Julius Simpson to second
Batting: RHB Nathan Vendel 0-0: Called Strike
0-1: Ball
1-1: Swinging Strike
1-2: Fly out, F8 (Flyball, 89M, EV 93.1 MPH)
Batting: RHB Jacoby Button 0-0: Called Strike
0-1: Reached on error, E3 (Groundball, 34, EV 88.1 MPH)
Julius Simpson to third
Otis Tenorio to second
Batting: RHB Kaleb Klein 0-0: Foul Ball, location: 2F
0-1: Ball
1-1: Ball
2-1: Fly out, F8 (Flyball, 8RS, EV 90.6 MPH)
Batting: SHB Brock Hutchins 0-0: Ball
1-0: Ball
2-0: Called Strike
2-1: Ball
3-1: Foul Ball, location: 2F
3-2: Base on Balls
Julius Simpson scores
Otis Tenorio to third
Jacoby Button to second
Batting: LHB Joey Carlson 0-0: GRAND SLAM HOME RUN (Flyball, 89XD, EV 106.2 MPH), Distance : 408 ft
Batting: RHB Mitchell Oyler 0-0: Foul Ball, location: 2F
0-1: Ball
1-1: Ball
2-1: Foul Ball, location: 2F
2-2: Foul Ball, location: 2F
2-2: Fly out, F7 (Line Drive, 7LS, EV 110.6 MPH)
Bottom of the 1st over - 5 runs, 2 hits, 1 error, 0 left on base; Erie 0 - Vancouver 5
TOP OF THE 2ND
Erie Roadrunners batting - Pitching for Vancouver Mounties : RHP Jackson Mendoza
Batting: LHB Tom McNew 0-0: Fly out, F7 (Flyball, 7D, EV 96.9 MPH)
Batting: SHB Brannon Acevedo 0-0: Ball
1-0: Foul Ball, location: 2F
1-1: Ball
2-1: SINGLE (Groundball, 56S, EV 73.1 MPH) (infield hit)
Batting: LHB Jaiden Gelovani 0-0: Swinging Strike
0-1: Swinging Strike
0-2: Ball
1-2: Strikes out swinging
Batting: RHB Nathan Richards 0-0: Ball
1-0: Ball
2-0: Ball
3-0: Base on Balls
Brannon Acevedo to second
Batting: RHB Tre Daalhuizen 0-0: Foul Ball, location: 2F
0-1: Ball
1-1: Swinging Strike
1-2: Strikes out swinging
Top of the 2nd over - 0 runs, 1 hit, 0 errors, 2 left on base; Erie 0 - Vancouver 5
BOTTOM OF THE 2ND
Vancouver Mounties batting - Pitching for Erie Roadrunners : RHP Steven Peralta
Batting: RHB Brayan Wilford 0-0: Called Strike
0-1: Foul Ball, location: 2F
0-2: Ball
1-2: Ball
2-2: Foul Ball, location: 2F
2-2: Strikes out looking
Batting: RHB Julius Simpson 0-0: Foul Ball, location: 2F
0-1: Foul Ball, location: 2F
0-2: Ground out 6-3 (Groundball, 56D, EV 108.8 MPH)
Batting: LHB Otis Tenorio 0-0: SINGLE (Line Drive, 56, EV 108.8 MPH)
Batting: RHB Nathan Vendel 0-0: Called Strike
0-1: Swinging Strike
0-2: Ball
1-2: Ground out 4-3 (Groundball, 4, EV 87.5 MPH)
Bottom of the 2nd over - 0 runs, 1 hit, 0 errors, 1 left on base; Erie 0 - Vancouver 5
TOP OF THE 3RD
Erie Roadrunners batting - Pitching for Vancouver Mounties : RHP Jackson Mendoza
Batting: LHB Brendan Anderson 0-0: Ball
1-0: Ball
2-0: Ball
3-0: Base on Balls
Batting: RHB Jay Brunet 0-0: Foul Ball, location: 2F
0-1: Foul Ball, location: 2F
0-2: Fly out, F7 (Flyball, 7D, EV 85.6 MPH)
Batting: LHB Blake Coursey 0-0: Called Strike
0-1: Ball
1-1: Grounds into double play, 4-6-3 (Groundball, 13, EV 86.2 MPH)
Top of the 3rd over - 0 runs, 0 hits, 0 errors, 0 left on base; Erie 0 - Vancouver 5
BOTTOM OF THE 3RD
Vancouver Mounties batting - Pitching for Erie Roadrunners : RHP Steven Peralta
Batting: RHB Jacoby Button 0-0: Fly out, F7 (Flyball, 7D, EV 96.9 MPH)
Batting: RHB Kaleb Klein 0-0: Ball
1-0: Ball
2-0: Ball
3-0: Base on Balls
Batting: SHB Brock Hutchins 0-0: Ball
1-0: Ball
2-0: Ball
3-0: Base on Balls
Kaleb Klein to second
Pitching: LHP Devin Dreamer
Batting: LHB Joey Carlson 0-0: Ball
Wild Pitch!
Kaleb Klein to third
Brock Hutchins to second
1-0: Ball
2-0: Called Strike
2-1: Foul Ball, location: 2F
2-2: Ball
3-2: SINGLE (Groundball, 4MS, EV 63.1 MPH) (infield hit)
Kaleb Klein scores
Brock Hutchins to third
Batting: RHB Mitchell Oyler 0-0: Called Strike
0-1: DOUBLE (Groundball, 5L, EV 102.5 MPH)
Brock Hutchins scores
Joey Carlson to third
Batting: RHB Brayan Wilford 0-0: Ball
1-0: Ball
2-0: Swinging Strike
2-1: SINGLE (Line Drive, 6D, EV 94.4 MPH)
Joey Carlson scores
Mitchell Oyler to third
Batting: RHB Julius Simpson 0-0: Hit by Pitch
Brayan Wilford to second
Batting: LHB Otis Tenorio 0-0: Foul Ball, location: 2F
0-1: Ball
1-1: Ball
2-1: Foul Ball, location: 2F
2-2: Foul Ball, location: 2F
2-2: Foul Ball, location: 2F
2-2: Foul Ball, location: 2F
2-2: SINGLE (Groundball, 15S, EV 68.8 MPH) (infield hit)
Mitchell Oyler scores
Brayan Wilford to third
Julius Simpson to second
Batting: RHB Nathan Vendel 0-0: Foul Ball, location: 2F
0-1: Swinging Strike
0-2: Strikes out swinging
Batting: RHB Jacoby Button 0-0: Foul Ball, location: 2F
0-1: Ball
1-1: Foul Ball, location: 2F
1-2: Foul Ball, location: 2F
1-2: Ball
2-2: Strikes out swinging
Bottom of the 3rd over - 4 runs, 4 hits, 0 errors, 3 left on base; Erie 0 - Vancouver 9
TOP OF THE 4TH
Erie Roadrunners batting - Pitching for Vancouver Mounties : RHP Jackson Mendoza
Batting: RHB Chandler Penrod 0-0: Fly out, F8 (Flyball, 8LD, EV 98.8 MPH)
Batting: LHB Tom McNew 0-0: Foul Ball, location: 2F
0-1: Ball
1-1: Ball
2-1: Ball
3-1: Base on Balls
Batting: SHB Brannon Acevedo 0-0: Called Strike
Tom McNew is caught stealing 2nd base 2-6
0-1: Ball
1-1: Foul Ball, location: 2F
1-2: Ball
2-2: Ball
3-2: Base on Balls
Batting: LHB Jaiden Gelovani 0-0: Called Strike
Brannon Acevedo steals 2nd base
0-1: Foul Ball, location: 2F
0-2: Strikes out looking
Top of the 4th over - 0 runs, 0 hits, 0 errors, 1 left on base; Erie 0 - Vancouver 9
BOTTOM OF THE 4TH
Vancouver Mounties batting - Pitching for Erie Roadrunners : LHP Devin Dreamer
Batting: RHB Kaleb Klein 0-0: Called Strike
0-1: Ball
1-1: Foul Ball, location: 2F
1-2: Ball
2-2: Ball
3-2: Strikes out swinging
Pitching: RHP Rahsean Garza
Batting: SHB Brock Hutchins 0-0: Ball
1-0: Ball
2-0: Called Strike
2-1: Called Strike
2-2: Ball
3-2: Strikes out swinging
Batting: LHB Joey Carlson 0-0: Called Strike
0-1: Ball
1-1: Called Strike
1-2: Ball
2-2: Fly out, F8 (Flyball, 8LM, EV 91.2 MPH)
Bottom of the 4th over - 0 runs, 0 hits, 0 errors, 0 left on base; Erie 0 - Vancouver 9
TOP OF THE 5TH
Erie Roadrunners batting - Pitching for Vancouver Mounties : RHP Jackson Mendoza
Batting: RHB Nathan Richards 0-0: Foul Ball, location: 2F
0-1: SINGLE (Groundball, 4, EV 97.5 MPH)
Batting: RHB Tre Daalhuizen 0-0: Called Strike
0-1: Called Strike
Nathan Richards steals 2nd base
0-2: Ball
1-2: Strikes out swinging
Batting: LHB Brendan Anderson 0-0: Called Strike
0-1: Swinging Strike
0-2: Ball
1-2: Foul Ball, location: 2F
1-2: Strikes out swinging
Batting: RHB Jay Brunet 0-0: Ball
1-0: Foul Ball, location: 2F
1-1: Foul Ball, location: 2F
1-2: Foul Ball, location: 2F
1-2: Fly out, F8 (Flyball, 8RM, EV 85.6 MPH)
Top of the 5th over - 0 runs, 1 hit, 0 errors, 1 left on base; Erie 0 - Vancouver 9
BOTTOM OF THE 5TH
Vancouver Mounties batting - Pitching for Erie Roadrunners : RHP Rahsean Garza
Batting: RHB Mitchell Oyler 0-0: Called Strike
0-1: Ball
1-1: Foul Ball, location: 2F
1-2: Ball
2-2: Ground out 5-3 (Groundball, 5L, EV 87.5 MPH)
Batting: RHB Brayan Wilford 0-0: Ground out 5-3 (Groundball, 56, EV 97.5 MPH)
Batting: RHB Julius Simpson 0-0: Ball
1-0: Ball
2-0: Foul Ball, location: 2F
2-1: Swinging Strike
2-2: Ball
3-2: Foul Ball, location: 2F
3-2: Strikes out swinging, 2-3 out at first.
Bottom of the 5th over - 0 runs, 0 hits, 0 errors, 0 left on base; Erie 0 - Vancouver 9
TOP OF THE 6TH
Erie Roadrunners batting - Pitching for Vancouver Mounties : RHP Jackson Mendoza
Batting: LHB Blake Coursey 0-0: Swinging Strike
0-1: Called Strike
0-2: Ball
1-2: Strikes out swinging
Batting: RHB Chandler Penrod 0-0: Called Strike
0-1: Foul Ball, location: 2F
0-2: Ball
1-2: Ground out 3-1 (Groundball, 34, EV 78.1 MPH)
Batting: LHB Tom McNew 0-0: Ball
1-0: Swinging Strike
1-1: Called Strike
1-2: Strikes out swinging
Top of the 6th over - 0 runs, 0 hits, 0 errors, 0 left on base; Erie 0 - Vancouver 9
BOTTOM OF THE 6TH
Vancouver Mounties batting - Pitching for Erie Roadrunners : RHP Rahsean Garza
Batting: LHB Otis Tenorio 0-0: Ground out U3 (Groundball, 3, EV 85.0 MPH)
Batting: RHB Nathan Vendel 0-0: Ball
1-0: Fly out, F8 (Flyball, 8RD, EV 98.8 MPH)
Batting: RHB Jacoby Button 0-0: Ball
1-0: Ball
2-0: Called Strike
2-1: Foul Ball, location: 2F
2-2: Ball
3-2: Foul Ball, location: 2F
3-2: Fly out, F7 (Line Drive, 7, EV 102.5 MPH)
Bottom of the 6th over - 0 runs, 0 hits, 0 errors, 0 left on base; Erie 0 - Vancouver 9
TOP OF THE 7TH
Erie Roadrunners batting - Pitching for Vancouver Mounties : RHP Jackson Mendoza
Batting: SHB Brannon Acevedo 0-0: Ball
1-0: Called Strike
1-1: Swinging Strike
1-2: Strikes out looking
Batting: LHB Jaiden Gelovani 0-0: Ball
1-0: Foul Ball, location: 2F
1-1: Foul Ball, location: 2F
1-2: Ball
2-2: Foul Ball, location: 2F
2-2: Strikes out swinging
Batting: RHB Nathan Richards 0-0: Called Strike
0-1: Ground out 5-3 (Groundball, 56S, EV 86.9 MPH)
Top of the 7th over - 0 runs, 0 hits, 0 errors, 0 left on base; Erie 0 - Vancouver 9
BOTTOM OF THE 7TH
Vancouver Mounties batting - Pitching for Erie Roadrunners : RHP Rahsean Garza
Batting: RHB Kaleb Klein 0-0: Ground out 4-3 (Groundball, 4M, EV 106.2 MPH)
Batting: SHB Brock Hutchins 0-0: Swinging Strike
0-1: Ball
1-1: Called Strike
1-2: SINGLE (Groundball, 56D, EV 106.2 MPH)
Batting: LHB Joey Carlson 0-0: Ball
1-0: Ball
2-0: Swinging Strike
2-1: Ball
3-1: Foul Ball, location: 2F
3-2: Foul Ball, location: 2F
3-2: TRIPLE (Flyball, 89XD, EV 105.0 MPH)
Brock Hutchins scores
Pitching: RHP Jeff Earnest
Batting: RHB Mitchell Oyler 0-0: Called Strike
0-1: Reached on error, E5 (Groundball, 5, EV 99.4 MPH)
Joey Carlson scores
Batting: RHB Brayan Wilford 0-0: Fly out, F8 (Flyball, 8RM, EV 92.5 MPH)
Batting: RHB Julius Simpson 0-0: Foul Ball, location: 2F
0-1: Called Strike
0-2: Ball
1-2: DOUBLE (Line Drive, 78D, EV 106.9 MPH)
Mitchell Oyler to third
Runner from 3rd tries for Home, SAFE, no throw by LF
Batting: LHB Otis Tenorio 0-0: Ball
1-0: Swinging Strike
1-1: Called Strike
1-2: Ball
2-2: Foul Ball, location: 2F
2-2: Fly out, F7 (Flyball, 7, EV 93.1 MPH)
Bottom of the 7th over - 3 runs, 3 hits, 1 error, 1 left on base; Erie 0 - Vancouver 12
TOP OF THE 8TH
Erie Roadrunners batting - Pitching for Vancouver Mounties : RHP Jackson Mendoza
Batting: RHB Tre Daalhuizen 0-0: Foul Ball, location: 2F
0-1: Swinging Strike
0-2: Ball
1-2: Ball
2-2: Foul Ball, location: 2F
2-2: Ball
3-2: SOLO HOME RUN (Flyball, 7D, EV 103.1 MPH), Distance : 366 ft
Batting: LHB Brendan Anderson 0-0: Swinging Strike
0-1: Foul Ball, location: 2F
0-2: Ball
1-2: Foul Ball, location: 2F
1-2: Foul Ball, location: 2F
1-2: Ball
2-2: Strikes out swinging, 2-3 out at first.
Pitching: RHP Harrison Crosby
Batting: RHB Jay Brunet 0-0: Called Strike
0-1: Called Strike
0-2: Ball
1-2: Ball
2-2: Ball
3-2: Base on Balls
Batting: LHB Blake Coursey 0-0: Ball
1-0: Foul Ball, location: 2F
1-1: Foul Ball, location: 2F
1-2: Ball
2-2: Fly out, F9 (Flyball, 9S, EV 81.9 MPH)
Batting: RHB Chandler Penrod 0-0: Ball
1-0: Foul Ball, location: 2F
1-1: Foul Ball, location: 2F
1-2: Strikes out swinging
Top of the 8th over - 1 run, 1 hit, 0 errors, 1 left on base; Erie 1 - Vancouver 12
BOTTOM OF THE 8TH
Vancouver Mounties batting - Pitching for Erie Roadrunners : RHP Jeff Earnest
Batting: RHB Nathan Vendel 0-0: Called Strike
0-1: Swinging Strike
0-2: Foul Ball, location: 2F
0-2: Ball
1-2: Foul Ball, location: 2F
1-2: Ball
2-2: Ball
3-2: Strikes out looking
Batting: RHB Jacoby Button 0-0: Ball
1-0: Ball
2-0: Ball
3-0: Called Strike
3-1: Foul Ball, location: 2F
3-2: Fly out, F8 (Line Drive, 8RM, EV 98.1 MPH)
Batting: RHB Kaleb Klein 0-0: Ball
1-0: Called Strike
1-1: Ball
2-1: Ball
3-1: Ground out 1-3 (Groundball, 13S, EV 61.9 MPH)
Bottom of the 8th over - 0 runs, 0 hits, 0 errors, 0 left on base; Erie 1 - Vancouver 12
TOP OF THE 9TH
Erie Roadrunners batting - Pitching for Vancouver Mounties : RHP Harrison Crosby
Batting: LHB Tom McNew 0-0: Called Strike
0-1: Foul Ball, location: 2F
0-2: Ball
1-2: Ball
2-2: Foul Ball, location: 2F
2-2: Foul Ball, location: 2F
2-2: Ball
3-2: Strikes out swinging
Batting: SHB Brannon Acevedo 0-0: Called Strike
0-1: Fly out, F8 (Flyball, 8LD, EV 108.8 MPH)
Batting: LHB Jaiden Gelovani 0-0: Foul Ball, location: 2F
0-1: Ball
1-1: Called Strike
1-2: Ball
2-2: Ball
3-2: Foul Ball, location: 2F
3-2: Ground out 6-3 (Groundball, 56, EV 103.8 MPH)
Top of the 9th over - 0 runs, 0 hits, 0 errors, 0 left on base; Erie 1 - Vancouver 12
Tuesday, March 19th , 2024 - OOTP Baseball 23.10 Build 110